Cogmind - Beta 10.2 *** ADVENTURER MODE // 2021.07.22 @ 00:40:06 Player: darlorth Result: Destroyed by G-47 Trooper with Particle Gun Performance ------------- Evolutions (2) 1000 Regions Visited (6) 1200 Robots Destroyed (43) 215 Value Destroyed (1608) 1608 Prototype IDs (3) 60 Alien Tech Used (0) 0 Bonus (593) 593 TOTAL SCORE: 4676 Bonus ------- High Alert Combat Kills 65 Follower Combat Kills 28 Entered Garrisons 200 Aligned with FarCom 300 Cogmind --------- Core Integrity 0/550 Matter 285/300 Energy 160/160 System Corruption 0% Temperature Cool (9) Movement Walking (150) Ox1 Location -8/Garrison Parts ------- > --- POWER (1) -------- Light Nuclear Core > --- PROPULSION (3) --- Aluminum Leg Aluminum Leg > --- UTILITY (4) ------ Large Storage Unit Large Storage Unit Melee Analysis Suite Hacking Suite > --- WEAPON (3) ------- Katana > --- INVENTORY (16) --- Light Angular Momentum Engine Improved Heat Sink Improved Heat Sink Improved Heat Sink Large Storage Unit Compact Matter Pod (150) Advanced Terrain Scanner Heavy Armor Plating Relay Coupler [NC] (33) Relay Coupler [Swarmer] (37) Relay Coupler [Grunt] (33) Shock Bomb Launcher Rocket Launcher Peak State ------------ > --- POWER ------------ Light Nuclear Core > --- PROPULSION ------- Aluminum Leg Aluminum Leg Improved Aluminum Leg > --- UTILITY ---------- Large Storage Unit Large Storage Unit Melee Analysis Suite Hacking Suite > --- WEAPON ----------- Rocket Launcher Katana > --- INVENTORY -------- Light Angular Momentum Engine Improved Heat Sink Improved Heat Sink Improved Heat Sink Large Storage Unit Compact Matter Pod Advanced Terrain Scanner Heavy Armor Plating Relay Coupler [NC] Relay Coupler [Swarmer] Relay Coupler [Grunt] Shock Bomb Launcher [Rating: 23] Favorites ----------- Power Light Ion Engine Engine Light Ion Engine Power Core Light Nuclear Core Propulsion Light Treads Treads Light Treads Leg Aluminum Leg Utility Large Storage Unit Device Structural Scanner Storage Large Storage Unit Processor Signal Interpreter Hackware Hacking Suite Weapon EM Pulse Gun Energy Gun EM Pulse Gun Energy Cannon Ion Cannon Ballistic Gun Assault Rifle Ballistic Cannon Assault Cannon Launcher Rocket Launcher Slashing Weapon Katana Build | -11 -10 -10 -10 -9 -8 -8 ------- Run | Scr Mat Min Exi Min Mat Gar Slots Evolved 4 | . . . . . 4 . Power . | . . . . . . . Propulsion 1 | . . . . . 1 . Utility 2 | . . . . . 2 . Weapon 1 | . . . . . 1 . Parts Attached 50 | 6 3 . 1 1 28 11 Power 3 | 1 . . . . 2 . Engine 1 | 1 . . . . . . Core 2 | . . . . . 2 . Reactor . | . . . . . . . Propulsion 11 | 2 1 . . . 5 3 Treads 8 | 2 1 . . . 5 . Leg 3 | . . . . . . 3 Wheel . | . . . . . . . Hover . | . . . . . . . Flight . | . . . . . . . Utility 13 | 1 2 . 1 . 6 3 Device 5 | . 1 . . . 2 2 Storage 4 | 1 1 . . . 2 . Processor 3 | . . . 1 . 1 1 Hackware 1 | . . . . . 1 . Protection . | . . . . . . . Artifact . | . . . . . . . Weapon 23 | 2 . . . 1 15 5 Energy Gun 9 | 1 . . . . 6 2 Energy Cannon 2 | . . . . . 1 1 Ballistic Gun 2 | 1 . . . . 1 . Ballistic Cannon 4 | . . . . . 4 . Launcher 5 | . . . . 1 3 1 Special Weapon . | . . . . . . . Impact Weapon . | . . . . . . . Slashing Weapon 1 | . . . . . . 1 Piercing Weapon . | . . . . . . . Special Melee Weapon . | . . . . . . . Unidentified Prototypes 1 | . . . 1 . . . Parts Lost 19 | . . . . . 13 6 Power 2 | . . . . . 2 . Propulsion 6 | . . . . . 4 2 Utility . | . . . . . . . Weapon 11 | . . . . . 7 4 Highest Loss Streak 9 | . . . . . 9 3 Average Slot Usage (%) 91 | . 97 100 100 95 83 74 Engine 10 | . 14 14 14 14 6 . Core 1 | . . . . . 1 9 Treads 23 | . 28 28 28 28 20 10 Leg 1 | . . . . . . 8 Device 7 | . 12 14 7 . 2 2 Storage 15 | . 14 14 14 14 21 18 Processor 5 | . . . 6 14 9 6 Hackware 1 | . . . . . 2 9 Energy Gun 10 | . 14 14 14 6 12 . Ballistic Gun 8 | . 14 14 14 9 . . Ballistic Cannon 1 | . . . . . 2 4 Launcher 1 | . . . . 7 2 . Naked Turns . | . . . . . . . Heaviest Build 49 | 11 24 24 24 25 48 49 Greatest Support 60 | 40 40 40 40 40 60 40 Greatest Overweight (x) 2 | . 1 . . . 2 2 Average Overweight (x) . | . . . . . . 1 Largest Inventory Capacity 16 | 6 10 10 10 10 16 16 Average Capacity 11 | 5 8 10 10 10 15 16 Most Carried 16 | 3 5 6 7 10 16 16 Average Carried 7 | . 2 5 6 7 12 12 Final Capacity 16 | 6 10 10 10 10 16 16 Final Carried 14 | 1 4 6 7 10 11 14 Class Distribution -------------------- 70% | Mutant 13% | Hacker-Mutant 6% | Skirmisher 5% | Scavenger-Mutant Dominant Class ---------------- Mutant | -10/Materials Mutant | -10/Mines Mutant | -10/Exiles Mutant | -9/Mines Skirmisher | -8/Materials Hacker-Mutant | -8/Garrison Resources | -11 -10 -10 -10 -9 -8 -8 ----------- Run | Scr Mat Min Exi Min Mat Gar Matter Collected 1382 | 151 169 6 . 115 676 265 Remotely . | . . . . . . . Salvage Created 1531 | . 148 18 . 101 941 323 Parts 74 | . 5 2 . 1 53 13 Haulers Intercepted 2 | . . . . . 2 . Recyclers Shooed 2 | . . . . . 2 . Parts Field Recycled . | . . . . . . . Retrieved Matter . | . . . . . . . Parts Self-Destructed . | . . . . . . . Prevented . | . . . . . . . Kills | -11 -10 -10 -10 -9 -8 -8 ------- Run | Scr Mat Min Exi Min Mat Gar Combat Hostiles Destroyed 48 | . 3 1 . 12 21 11 Melee 3 | . . . . . . 3 Guns 18 | . 3 1 . 1 13 . Cannons 9 | . . . . . 5 4 AOE 18 | . . . . 11 3 4 Classes Destroyed 8 | . 1 1 . 2 4 . Hauler 2 | . . . . . 2 . Recycler 2 | . . . . 1 1 . Watcher 3 | . . . . . 3 . Swarmer 15 | . . 1 . . 10 4 Grunt 14 | . 3 . . . 4 7 Sentry 6 | . . . . . 6 . Hunter 1 | . . . . . 1 . Assembled 12 | . . . . 12 . . Best Kill Streak 7 | . 3 1 . 7 6 5 Combat Bots Only 7 | . 3 1 . 7 5 5 Max Kills in Single Turn 4 | . 1 1 . 4 3 2 Gunslinging 1 | . . . . . 1 . Exploded 3 | . . . . 3 2 2 Melee 1 | . . . . . . 1 Uniques/NPCs Destroyed . | . . . . . . . Combat | -11 -10 -10 -10 -9 -8 -8 -------- Run | Scr Mat Min Exi Min Mat Gar Damage Taken 2699 | . 50 . . 38 1667 944 Core 570 | . . . . 18 310 242 Absorbed by Shields . | . . . . . . . Core Remaining (%) 96 | 100 . . . 92 . . Volleys Fired 109 | . 10 3 . 8 67 21 Largest 3 | . 2 2 . 2 3 3 Hottest 165 | . 60 60 . 60 165 165 Shots Fired 221 | . 20 6 . 13 151 31 Gun 137 | . 20 6 . 6 103 2 Cannon 62 | . . . . . 38 24 Launcher 22 | . . . . 7 10 5 Special . | . . . . . . . Kinetic 78 | . 10 3 . 5 44 16 Thermal 51 | . . . . . 41 10 Explosive 21 | . . . . 7 9 5 Electromagnetic 71 | . 10 3 . 1 57 . Robot Hit Streak 19 | . 13 14 . 3 19 15 Robot Miss Streak 5 | . 1 . . 1 5 2 Penetration Max . | . . . . . . . Secondary Targets 5 | . 1 . . . 4 . Max Gunslinging Chain 1 | . 1 . . . 1 . Shots Hit Robots 159 | . 15 1 . 6 107 30 Core Hits 96 | . 5 1 . 23 51 16 Critical Hits 1 | . . . . . . 1 Critical Kills 1 | . . . . . . 1 Critical Parts Destroyed . | . . . . . . . Melee Attacks 10 | . . . . . . 10 Impact . | . . . . . . . Slashing 10 | . . . . . . 10 Piercing . | . . . . . . . Sneak Attacks . | . . . . . . . Combat Hostiles . | . . . . . . . Follow-up Attacks . | . . . . . . . Damage Inflicted 3944 | . 187 11 . 799 1860 1087 Guns 1293 | . 187 11 . 23 1044 28 Cannons 1035 | . . . . . 594 441 Explosions 1363 | . . . . 776 221 366 Melee 252 | . . . . . . 252 Ramming 1 | . . . . . 1 . Kinetic 1012 | . 93 . . 23 637 259 Thermal 710 | . . . . . 500 210 Explosive 1173 | . . . . 776 31 366 Electromagnetic 796 | . 94 11 . . 691 . Impact . | . . . . . . . Slashing 252 | . . . . . . 252 Piercing . | . . . . . . . Highest Corruption 1 | . 1 1 1 1 . . Average Corruption 1 | . 1 1 1 1 . . Corruption Purged . | . . . . . . . Effects 6 | . 3 2 1 . . . Message Errors 2 | . 2 . . . . . Energy Discharges 3 | . 1 2 . . . . Data Loss (minor) 1 | . . . 1 . . . Overload Shots . | . . . . . . . Overflow Damage 67 | . . . . 29 19 19 Projectiles 19 | . . . . . 19 . Explosions 48 | . . . . 29 . 19 Melee . | . . . . . . . Knockbacks 15 | . . . . . 12 3 Impact . | . . . . . . . Kinetic 13 | . . . . . 10 3 Secondary 2 | . . . . . 2 . Self-Inflicted Damage 170 | . . . . . 41 129 Shots 4 | . . . . . 1 3 Rammed 1 | . . . . . 1 . Targets Rammed 1 | . . . . . 1 . Kicked . | . . . . . . . Crushed . | . . . . . . . Highest Temperature 417 | . 24 . . 20 417 250 Average Temperature 124 | . 12 . . 13 145 86 Received Heat Transfer 1372 | . 36 . . 40 819 477 Effects 5 | . . . . . 5 . Interference 1 | . . . . . 1 . Matter Decay 1 | . . . . . 1 . Damage (major) 3 | . . . . . 3 . Siege Activations . | . . . . . . . Robots Corrupted . | . . . . . . . Combat Hostiles . | . . . . . . . Parts Fried 3 | . 1 . . . 2 . Impact Corruptions . | . . . . . . . Robots Melted . | . . . . . . . Combat Hostiles . | . . . . . . . Parts Melted 2 | . . . . . 2 . Heat Transferred 1235 | . . . . . 865 370 Parts Sabotaged . | . . . . . . . Parts Stolen . | . . . . . . . Parts Stripped . | . . . . . . . Power Chain Reactions 2 | . . . . . 2 . Missiles Intercepted . | . . . . . . . Alert | -11 -10 -10 -10 -9 -8 -8 ------- Run | Scr Mat Min Exi Min Mat Gar Peak Influence 776 | . 151 24 . 53 322 776 Initial 176 | . . 4 . . 12 176 Average 131 | . 44 18 . 24 182 400 Maximum Alert Level 3 | . . . . . 1 3 Low Security (%) 72 | 100 100 100 . 100 51 5 Level 1 18 | . . . . . 48 46 Level 2 8 | . . . . . . 43 Level 3 . | . . . . . . 3 Level 4 . | . . . . . . . Level 5 . | . . . . . . . High Security . | . . . . . . . Max Security . | . . . . . . . Squads Dispatched 9 | . 5 . . . 4 . Investigation 6 | . 5 . . . 1 . Extermination . | . . . . . . . Reinforcement 1 | . . . . . 1 . Assault . | . . . . . . . Garrison 2 | . . . . . 2 . Intercept . | . . . . . . . Construction Impeded . | . . . . . . . Haulers Reinforced . | . . . . . . . Stealth | -11 -10 -10 -10 -9 -8 -8 --------- Run | Scr Mat Min Exi Min Mat Gar Distress Signals 3 | . . . . . 3 . Communications Jammed . | . . . . . . . Distress Signals . | . . . . . . . Times Spotted 65 | . 7 . . 14 29 15 Peak Tracking Total 7 | . 3 . . 7 5 6 Tactical Retreats 5 | . 1 . . . 1 3 Traps | -11 -10 -10 -10 -9 -8 -8 ------- Run | Scr Mat Min Exi Min Mat Gar Traps Triggered 8 | . 3 . . . 1 4 Indirectly . | . . . . . . . Trap Hack Attempts . | . . . . . . . Triggered . | . . . . . . . Disarmed . | . . . . . . . Reprogrammed . | . . . . . . . Reused . | . . . . . . . Traps Extracted . | . . . . . . . Installed . | . . . . . . . Triggered . | . . . . . . . Machines | -11 -10 -10 -10 -9 -8 -8 ---------- Run | Scr Mat Min Exi Min Mat Gar Machines Disabled 5 | . . . . . 2 3 Max in Single Turn 2 | . . . . . 1 2 Garrison Relay 1 | . . . . . . 1 Phase Generator 1 | . . . . . . 1 Machines Sabotaged . | . . . . . . . Garrisons Compromised . | . . . . . . . Overloaded Fab Kills . | . . . . . . . Fab Network Shutdowns . | . . . . . . . Hacking | -11 -10 -10 -10 -9 -8 -8 --------- Run | Scr Mat Min Exi Min Mat Gar Machines Accessed 19 | . 10 . 4 . 5 . Terminals 12 | . 8 . . . 4 . Fabricators . | . . . . . . . Repair Stations . | . . . . . . . Recycling Units 2 | . 2 . . . . . Scanalyzers . | . . . . . . . Garrison Access 1 | . . . . . 1 . Total Hacks 93 | . 32 . 49 . 12 . Successful 72 | . 14 . 49 . 9 . Failed 21 | . 18 . . . 3 . Catastrophic 4 | . 3 . . . 1 . Database Lockouts . | . . . . . . . Manual 40 | . 28 . 1 . 11 . Terminals 40 | . 29 . . . 11 . Fabricators . | . . . . . . . Repair Stations . | . . . . . . . Recycling Units 3 | . 3 . . . . . Scanalyzers . | . . . . . . . Garrison Access 1 | . . . . . 1 . Terminal Hacks 62 | . 8 . 49 . 5 . Record 49 | . . . 49 . . . Part Schematic 3 | . 2 . . . 1 . Prototype ID Bank 1 | . 1 . . . . . Branch Access Points 2 | . 2 . . . . . Terminal Index 2 | . 1 . . . 1 . Unreport Threat 1 | . . . . . 1 . Locate Traps 1 | . 1 . . . . . Dispatch Records 1 | . . . . . 1 . Recall Investigation 1 | . 1 . . . . . Recall Reinforcements 1 | . . . . . 1 . Fabricator Hacks . | . . . . . . . Repair Station Hacks . | . . . . . . . Recycling Unit Hacks . | . . . . . . . Scanalyzer . | . . . . . . . Garrison Access Hacks 1 | . . . . . 1 . Unlock Access 1 | . . . . . 1 . Unauthorized Hacks 9 | . 6 . . . 3 . Terminals 7 | . 4 . . . 3 . Track 1 | . 1 . . . . . Assimilate 1 | . . . . . 1 . Botnet 4 | . 2 . . . 2 . Operators 1 | . 1 . . . . . Fabricators . | . . . . . . . Repair Stations . | . . . . . . . Recycling Units 2 | . 2 . . . . . Tunnel 2 | . 2 . . . . . Scanalyzers . | . . . . . . . Garrison Access . | . . . . . . . Data Cores Recovered . | . . . . . . . Used . | . . . . . . . Hacking Detections 13 | . 9 . . . 4 . Full Trace Events 6 | . 5 . . . 1 . Feedback Events . | . . . . . . . Feedback Blocked . | . . . . . . . Robot Schematics Acquired . | . . . . . . . Robots Built . | . . . . . . . Matter . | . . . . . . . Time . | . . . . . . . Total Robot Build Rating . | . . . . . . . Part Schematics Acquired 3 | . 2 . . . 1 . Parts Built . | . . . . . . . Matter . | . . . . . . . Time . | . . . . . . . Total Part Build Rating . | . . . . . . . Parts Repaired . | . . . . . . . Time . | . . . . . . . Parts Recycled . | . . . . . . . Recycled Matter . | . . . . . . . Retrieved Matter . | . . . . . . . Retrieved Components . | . . . . . . . Parts Scanalyzed . | . . . . . . . Part Schematics Acquired . | . . . . . . . Parts Damaged . | . . . . . . . Bothacking | -11 -10 -10 -10 -9 -8 -8 ------------ Run | Scr Mat Min Exi Min Mat Gar Used RIF Installer . | . . . . . . . Robots Hacked . | . . . . . . . Non-combat . | . . . . . . . Combat . | . . . . . . . Robot Hacks Applied . | . . . . . . . Relay Couplers Released 3 | . . . . . . 3 Machine Destruction 3 | . . . . . . 3 Robots Rewired . | . . . . . . . Allies Hacked . | . . . . . . . Hacks Repelled . | . . . . . . . Allies | -11 -10 -10 -10 -9 -8 -8 -------- Run | Scr Mat Min Exi Min Mat Gar Total Allies 3 | . . 3 . . . . Largest Group 3 | . . 3 3 3 . . Highest-Rated Group 40 | . . 40 40 40 . . Highest-Rated Ally 16 | . . 16 16 16 . . Total Orders . | . . . . . . . Ally Attacks 10 | . . . . 10 . . Total Damage 65 | . . . . 65 . . Kills 4 | . . . . 4 . . Allies Corrupted . | . . . . . . . Allies Melted . | . . . . . . . Intel | -11 -10 -10 -10 -9 -8 -8 ------- Run | Scr Mat Min Exi Min Mat Gar Robot Analysis Total . | . . . . . . . Derelict Logs Recovered 2 | . . 1 . 1 . . Drone Launches . | . . . . . . . Drone Recoveries . | . . . . . . . Exploration | -11 -10 -10 -10 -9 -8 -8 ------------- Run | Scr Mat Min Exi Min Mat Gar Turns Passed 3521 | 62 921 508 505 337 633 555 Spaces Moved 1850 | 39 537 303 315 172 226 258 Core 11 | 11 . . . . . . Treads 1736 | 28 537 303 315 172 226 155 Legs 103 | . . . . . . 103 Wheels . | . . . . . . . Hover . | . . . . . . . Flight . | . . . . . . . Fastest Speed 50 | 50 160 160 160 160 160 150 Average Speed 161 | 128 160 160 160 160 166 170 Slowest Speed 210 | 160 180 160 160 160 210 200 Overloaded Moves . | . . . . . . . Propulsion Burnouts . | . . . . . . . Robots Hopped . | . . . . . . . Cave-ins Triggered . | . . . . . . . Exploration Rate (%) 45 | 3 84 67 63 36 30 34 Regions Visited 6 Branch Regions 3 Pre-discovered Areas 3 | . 2 . 1 . . . Known Exits Taken 3 | . 1 . . 1 1 . Unknown Exits Taken 3 | 1 . 1 1 . . . Scrap Searched 2 | . . 2 . . . . Spaces Dug 68 | . . . . 11 57 . Terrain Destroyed 263 | . . . . 66 107 90 Melee . | . . . . . . . Projectile 2 | . . . . . 2 . AOE 261 | . . . . 66 105 90 Terrain Rammed . | . . . . . . . Walls Destroyed . | . . . . . . . Machines Disabled . | . . . . . . . Actions | -11 -10 -10 -10 -9 -8 -8 --------- Run | Scr Mat Min Exi Min Mat Gar Total 2167 | 51 579 320 316 221 353 327 Wait 87 | . 21 13 . 38 11 4 Move 1844 | 38 536 302 314 171 225 258 Hop . | . . . . . . . Pick Up 49 | 7 7 2 1 2 18 12 Fast Attach . | . . . . . . . Attach 32 | 6 2 . . . 16 8 Detach 3 | . . . . 1 1 1 Swap 18 | . 1 . 1 1 12 3 Drop 6 | . 2 . . . 2 2 Fire 109 | . 10 3 . 8 67 21 Melee 10 | . . . . . . 10 Ram . | . . . . . . . Kick . | . . . . . . . Crush 1 | . . . . . 1 . Escape Stasis 8 | . . . . . . 8 Rewire . | . . . . . . . Trap . | . . . . . . . Miscellaneous . | . . . . . . . Route ------- -11/Scrapyard -10/Materials (discovered 3 exits: [*Mat x2] / *Min) -10/Mines (discovered 2 exits: [*Mat] / *Exi) -10/Exiles (discovered 2 exits: [*Min x2]) -9/Mines (discovered 2 exits: *Mat x2) -8/Materials (discovered 2 exits: Fac / Gar) -8/Garrison History --------- Turn | Location | Event 30 | -11/Scrapyard | Discovered new exit (range 15) 63 | -11/Scrapyard | Entered Materials 203 | -10/Materials | Met 8R-AWN 259 | -10/Materials | Discovered new exit (range 16) 313 | -10/Materials | Build established: Mutant 604 | -10/Materials | Discovered new exit (range 11) 934 | -10/Materials | Identified exit to Mines 984 | -10/Materials | Entered Mines 986 | -10/Mines | Followed 8R-AWN into the Mines 994 | -10/Mines | Learned location of 1 exit from Materials 1055 | -10/Mines | Received a Rocket Launcher from a helpful Derelict 1124 | -10/Mines | Assisted by bots powering up and referring to "LRC-V3" 1397 | -10/Mines | Discovered new exit (range 11) 1472 | -10/Mines | Discovered new exit (range 5) 1492 | -10/Mines | Entered Exiles 1492 | -10/Exiles | Accompanied by 3 allies 1534 | -10/Exiles | Welcomed by 8R-AWN 1545 | -10/Exiles | Discovered new exit (range 14) 1592 | -10/Exiles | Learned about 8R-AWN's background 1619 | -10/Exiles | Met EX-HEX 1675 | -10/Exiles | Met EX-BIN 1697 | -10/Exiles | Aligned with FarCom system 1699 | -10/Exiles | Given EX-Vault access code 1769 | -10/Exiles | Opened EX-Vault 1777 | -10/Exiles | Found Prototype Processor 1778 | -10/Exiles | Identified 0b10 Alert Chip 1813 | -10/Exiles | Warned to stay clear of 0b10 Research branches 1860 | -10/Exiles | Met EX-DEC 1884 | -10/Exiles | Learned location of Zion (-7) 1978 | -10/Exiles | Discovered new exit (range 11) 1997 | -10/Exiles | Left Exiles lab with 0b10 Alert Chip 1997 | -10/Exiles | Entered Mines 1997 | -9/Mines | Accompanied by 3 allies 2001 | -9/Mines | Identified exit to Materials 2128 | -9/Mines | Assembled infested the area 2168 | -9/Mines | Destroyed 7 combat bots 2312 | -9/Mines | Discovered exit to Materials (range 8) 2334 | -9/Mines | Entered Materials 2334 | -8/Materials | Evolved 4 slots: Propulsion x1, Utility x2, Weapon x1 2335 | -8/Materials | Identified exit to Factory 2812 | -8/Materials | Garrison activated, responded to threat 2909 | -8/Materials | Core integrity fell below 50% 2912 | -8/Materials | Lost 9 parts (2p3n4w) 2965 | -8/Materials | Identified exit to Garrison 2967 | -8/Materials | Entered Garrison 3074 | -8/Garrison | Triggered checkpoint 3107 | -8/Garrison | Garrison Relay disabled 3165 | -8/Garrison | Build established: Hacker-Mutant 3299 | -8/Garrison | Lost 3 parts (1n2w) 3406 | -8/Garrison | Phase Generator disabled 3407 | -8/Garrison | Core integrity fell below 20% 3512 | -8/Garrison | Triggered checkpoint 3522 | -8/Garrison | Destroyed by G-47 Trooper with Particle Gun Last Messages --------------- 03320_ Acquired Imp. Heat Sink. 03325_ Acquired Aluminum Leg. 03328_ Acquired Imp. Aluminum Leg. 03334_ Acquired Aluminum Leg. 03335_ Dropped Lgt. Treads. 03339_ Acquired 30 matter. 03343_ Acquired Melee Analysis Suite. 03346_ Acquired 10 matter. 03406_ Phase Generator explodes. 03406_ Machine disabled. 03410_ The unstable cave ceiling collapses. 03482_ S-10 Pest destroyed. 03487_ Imp. Aluminum Leg destroyed. 03488_ S-10 Pest destroyed. 03490_ Destroyed Particle Gun. 03490_ S-10 Pest destroyed. 03500_ ALERT: Garrison interior compromised. 03509_ G-47 Trooper destroyed. 03511_ Acquired 45 matter. 03512_ Beams of light sweep through the air. An alarm sounds. Map ----- +----------------------------------------------------+ | ???????????????????????????????# ###????????????? | | ???????????????????????????????# #??????????????? | | ???????????????????????????????# #??????????????? | | ?????????????????????????????### #??????????????? | | ???????????????????????####### #??????????????? | | ???????????????????????# ? # #??????????????? | | ???????????????????????# #???# !#??????????????? | | ???????????????????????# #???###[ #??????????????? | | ?????????????????????### ####### ################ | | ?????????????????????# * =% | | ?????????????????????# *% % % | | ?????????????????????# ! | | ?????????????????????# #######" ################ | | ?????????????????????# #?????# %#??????????????# | | ?????????????????????# ^ #?????# #?????????????## | | ??????????????????####^ ####### #?????????????# | | ??????????????????# #?????????????# | | ??????????????????# # ###### #?????????????# | | ???????????#????C ?# #????# ############### | | ??????????## ##""""# #????# | | ??????????# ###### ############### | | ????????? #?????????????# | | ????????? % #?????????????# | | ??????????# # g # ######?????????????# | | ??????????# ## ### #??????????????????## | | ??????????" [ ! @ #???????????????????# | | ??????????" ###???????????????????? | | ??????????" #?????????????????????? | | ?????????g" #?????????????????????? | | ??????????# ## ###?????????????????????? | | ??????????? ## ?# #???????????????????????? | | ??????????? ? ?? #???????????????????????? | | ???????????? g ? ???????????????????????? | | ???????????? ? ^ #???????????????????????? | | ???????????? ##"?""## #????????????????????????? | | ????????????????ggg??# ?????????????????????????? | | ?????????????????????# ?????????????????????????? | | ?????????????????????# ?????????????????????????? | | ?????????????????????# ?????????????????????????? | | ?????????????????????# ?????????????????????????? | | ?????????????????????? ?????????????????????????? | | ?????????????????????????????????????????????????? | | ?????????????????????????????????????????????????? | | ?????????????????????????????????????????????????? | | ?????????????????????????????????????????????????? | | ?????????????????????????????????????????????????? | | ?????????????????????????????????????????????????? | | ?????????????????????????????????????????????????? | | ?????????????????????????????????????????????????? | | ?????????????????????????????????????????????????? | +----------------------------------------------------+ Best States ------------- Heat Dissipation 45 Energy Generation 14 Energy Capacity 160 Matter Stores 450 Matter Capacity 450 Sight Range 16 Terrain Scan Range 20 Terrain Scan Density 10 Resistance: KI 20 Resistance: TH 20 Resistance: EX 20 Resistance: EM 20 Resistance: I 20 Resistance: S 20 Resistance: P 20 Evasion (%) 40 Melee Accuracy 5 Recoil Reduction 3 Offensive Hacking 20 Item Schematics ----------------- Lrg. Storage Unit | -10/Materials | Hacked Structural Scanner | -10/Materials | Hacked Hacking Suite | -8/Materials | Hacked Robot Schematics ------------------ None Fabricated ------------ Nothing Alien Tech Used ----------------- None Achievements -------------- None Challenges ------------ None Game ------ Seed ControlNetworkPenetrator Manual? 0 Play Time 00:30:21 Cumulative 170.6 hours Start 2021.07.22 @ 00:11:10 End 2021.07.22 @ 00:40:06 Sessions 1 Manual Loads 0 Difficulty Adventurer Special Mode None Game No. 198 Rogue 106 Adventurer 46 Explorer 46 Win Type - Total 6 Types 5/0/1/0/0/0/0/0/0 Lore% 31 Gallery% 65 Achievement% 52 Wizard Run 0 Options --------- ASCII 0 Keyboard 0 Movement Mouse Keybinds 0 Fullscreen 1 Font 12/Smallcaps Map View 83x54 Tactical HUD 1 Map Filters NONE Filters NONE Steam 1 RUN: 3b2b2ca0-8d29-4751-986b-4a32fab93205